 Dungeon Crawl Stone Soup version 0.28-a0-1142-gc8569940dd (webtiles) character file.

Game seed: 8659966753493720117

215 LadyOphelia the Slasher (level 5, -17/47 HPs)
             Began as a Gnoll Cinder Acolyte on Dec 13, 2021.
             Was an Elder of Ignis.
             Demolished by an ogre (21 damage)
             ... on level 4 of the Dungeon.
             The game lasted 00:05:16 (2525 turns).

LadyOphelia the Slasher (Gnoll Cinder Acolyte)      Turns: 2525, Time: 00:05:19

Health: -17/47     AC:  2    Str: 15    XL:     5   Next: 92%
Magic:  9/9        EV:  8    Int: 13    God:    Ignis [****..]
Gold:   54         SH:  0    Dex:  8    Spells: 10/10 levels left

rFire   + . .      SeeInvis .   a - -1 falchion (flame)
rCold   . . .      Faith    .   (no shield)
rNeg    . . .      Spirit   .   b - +0 robe
rPois   .          Reflect  .   (no helmet)
rElec   .          Harm     .   (no cloak)
rCorr   .          Rampage  .   (no gloves)
Will    .....                   (no boots)
Stlth   +.........              (no amulet)
HPRegen 0.15/turn               (no ring)
MPRegen 0.11/turn               (no ring)

@: constricted
A: fangs 1, strong nose, distributed training
a: Renounce Religion, Fiery Armour, Foxfire Swarm, Rising Flame


You were on level 4 of the Dungeon.
You worshipped Ignis.
Ignis was greatly pleased with you.
You visited 1 branch of the dungeon, and saw 4 of its levels.

You collected 54 gold pieces.

Inventory:

Hand Weapons
 a - a -1 falchion of flaming (weapon)
Armour
 b - a +0 robe (worn)
Jewellery
 h - a ring of fire
Wands
 m - a wand of digging (2)
Scrolls
 c - a scroll of fear {unknown}
 f - a scroll of vulnerability {unknown}
 g - 3 scrolls of teleportation {unknown}
 i - 3 scrolls of identify {unknown}
 j - a scroll of amnesia {unknown}
 l - a scroll of enchant weapon {unknown}
 n - a scroll of fog {unknown}
Potions
 d - a potion of attraction {unknown}
 e - 2 potions of flight {unknown}
 k - a potion of heal wounds {unknown}


   Skills:
 + Level 6.7 Fighting
 + Level 1.7 Short Blades
 + Level 6.7 Long Blades
 + Level 1.7 Axes
 + Level 1.7 Maces & Flails
 + Level 1.7 Polearms
 + Level 1.7 Staves
 + Level 1.7 Slings
 + Level 1.7 Bows
 + Level 1.7 Crossbows
 + Level 1.7 Throwing
 + Level 1.7 Armour
 + Level 1.7 Dodging
 + Level 1.7 Stealth
 + Level 1.7 Shields
 + Level 1.7 Unarmed Combat
 + Level 3.3 Spellcasting
 + Level 1.3 Conjurations
 + Level 1.3 Hexes
 + Level 1.3 Summonings
 + Level 1.3 Necromancy
 + Level 1.3 Translocations
 + Level 1.3 Transmutations
 + Level 5.6 Fire Magic
 + Level 1.3 Ice Magic
 + Level 1.3 Air Magic
 + Level 1.3 Earth Magic
 + Level 1.3 Poison Magic
 + Level 1.9 Invocations
 + Level 1.7 Evocations


You had 10 spell levels left.
You didn't know any spells.
Your spell library contained the following spells:

 Spells                   Type           Power      Damage    Failure   Level
 Scorch                   Fire           32%        2d7       3%          2
 Corpse Rot               Necr/Air       10%        N/A       19%         2
 Poisonous Vapours        Pois/Air       10%        N/A       19%         2


Dungeon Overview and Level Annotations

Branches:
Dungeon (4/15)
 Temple: D:4-7

Altars:
Dithmenos
Fedhas


Innate Abilities, Weirdness & Mutations

You have very sharp teeth.
Your uncanny sense of smell can sniff out nearby items.
Your experience applies equally to all skills.


Message History

Done exploring.
There is a blossoming altar of Fedhas here.
There is a stone staircase leading down here.
You can't go up here!
You climb downwards.
There is a stone staircase leading up here.
Found a stone staircase leading up.
A ball python and an ogre come into view.
The ball python hisses angrily.
The ogre shouts!
There are monsters nearby!
An endoplasm comes into view.
Found 11 gold pieces.
The endoplasm quivers.
You slash the ogre! You burn the ogre.
The ogre is moderately wounded.
The ogre hits you with a +0 giant spiked club!
You hit the ogre but do no damage. Your bite misses the ogre.
The ogre is moderately wounded.
The ball python bites you. The ball python barely misses you.
The ogre hits you with a +0 giant spiked club!!
Ouch! That really hurt!
* * * LOW HITPOINT WARNING * * *
You barely miss the ogre.
The ogre is moderately wounded.
The ball python barely misses you. The ball python closely misses you.
The ball python barely misses you. The ball python grabs you.
The ball python constricts you.
* * * LOW HITPOINT WARNING * * *
You slash the ogre! You burn the ogre. Your punch misses the ogre.
The ogre is severely wounded.
The ogre closely misses you. The ball python barely misses you.
The ball python constricts you.
* * * LOW HITPOINT WARNING * * *
Aiming: Dig
Press: ? - help, Shift-Dir - straight line The rock shatters into small pieces.
A ball python comes into view.
The ball python hisses angrily.
The ogre hits you with a +0 giant spiked club!!
You die...

#.####### ##
........# #..
......... ...
......... #.#
........##..#
......<...$
......S.J##.###
......O@....S..
#...#.##.####.#
โˆ† # .. #.##.##
โˆ†
...####.....##โˆ†
### #.<.......##
#......#...##
#......##...##
#............##
#.........รท...##


You could see an ogre, an endoplasm and 2 ball pythons.

Vanquished Creatures
  A black bear (D:4)
  An ogre (D:4)
  2 dart slugs
  3 orcs (D:4)
  5 endoplasms
  4 goblins
  2 jackals (D:1)
  2 kobolds (D:2)
  3 quokkas
  4 ball pythons
  2 bats (D:1)
29 creatures vanquished.

Notes
Turn   | Place    | Note
-------+----------+-------------------------------------------
     0 | D:1      | LadyOphelia the Gnoll Cinder Acolyte began the quest for
                  | the Orb.
     0 | D:1      | Reached XP level 1. HP: 23/23 MP: 4/4
   480 | D:1      | Reached XP level 2. HP: 29/29 MP: 5/5
  1057 | D:1      | Found a faded altar of an unknown god.
  1489 | D:2      | Reached XP level 3. HP: 22/35 MP: 7/7
  1813 | D:2      | You fall into a shaft and drop 2 floors!
  1884 | D:4      | Noticed an ogre
  1898 | D:4      | Killed an ogre
  1899 | D:4      | Reached skill level 1 in Short Blades
  1899 | D:4      | Reached skill level 1 in Axes
  1899 | D:4      | Reached skill level 1 in Maces & Flails
  1899 | D:4      | Reached skill level 1 in Polearms
  1899 | D:4      | Reached skill level 1 in Staves
  1899 | D:4      | Reached skill level 1 in Slings
  1899 | D:4      | Reached skill level 1 in Bows
  1899 | D:4      | Reached skill level 1 in Crossbows
  1899 | D:4      | Reached skill level 1 in Throwing
  1899 | D:4      | Reached skill level 1 in Armour
  1899 | D:4      | Reached skill level 1 in Dodging
  1899 | D:4      | Reached skill level 1 in Stealth
  1899 | D:4      | Reached skill level 1 in Shields
  1899 | D:4      | Reached skill level 1 in Unarmed Combat
  1899 | D:4      | Reached skill level 1 in Conjurations
  1899 | D:4      | Reached skill level 1 in Hexes
  1899 | D:4      | Reached skill level 1 in Summonings
  1899 | D:4      | Reached skill level 1 in Necromancy
  1899 | D:4      | Reached skill level 1 in Translocations
  1899 | D:4      | Reached skill level 1 in Transmutations
  1899 | D:4      | Reached skill level 1 in Ice Magic
  1899 | D:4      | Reached skill level 1 in Air Magic
  1899 | D:4      | Reached skill level 1 in Earth Magic
  1899 | D:4      | Reached skill level 1 in Poison Magic
  1899 | D:4      | Reached skill level 1 in Invocations
  1899 | D:4      | Reached skill level 1 in Evocations
  1899 | D:4      | Reached XP level 4. HP: 2/41 MP: 8/8
  1899 | D:4      | Reached XP level 5. HP: 3/47 MP: 9/9
  2216 | D:4      | Noticed a black bear
  2230 | D:4      | Killed a black bear
  2493 | D:3      | Found a shadowy altar of Dithmenos.
  2493 | D:3      | Found a blossoming altar of Fedhas.
  2518 | D:4      | Noticed an ogre
  2525 | D:4      | Demolished by an ogre

Illustrated notes

Levels and vault maps discovered:
D:1:      lemuel_arrival_hallway, layout_basic, shapermc_ecumenical_altar_venn,
          roderic_st_hans_cross
D:2:      layout_basic, basic_altar, st_stairs_3, minmay_pentomino_x4
D:3:      layout_rooms, nicolae_overflow_crystal_walls,
          nicolae_overflow_hidden_temple, uniq_crazy_yiuf_cottage
D:4:      minmay_inner_zag, layout_rooms, lemuel_round_altar, kennysheep_boxes

Skill      XL: |  1  2  3 |
---------------+----------+-----
Short Blades   | 1 |  1.7
Axes           | 1 |  1.7
Maces & Flails | 1 |  1.7
Polearms       | 1 |  1.7
Staves         | 1 |  1.7
Slings         | 1 |  1.7
Bows           | 1 |  1.7
Crossbows      | 1 |  1.7
Throwing       | 1 |  1.7
Armour         | 1 |  1.7
Dodging        | 1 |  1.7
Stealth        | 1 |  1.7
Shields        | 1 |  1.7
Unarmed Combat | 1 |  1.7
Spellcasting   | 3 |  3.3
Conjurations   | 1 |  1.3
Hexes          | 1 |  1.3
Summonings     | 1 |  1.3
Necromancy     | 1 |  1.3
Translocations | 1 |  1.3
Transmutations | 1 |  1.3
Ice Magic      | 1 |  1.3
Air Magic      | 1 |  1.3
Earth Magic    | 1 |  1.3
Poison Magic   | 1 |  1.3
Invocations    | 1 |  1.9
Evocations     | 1 |  1.7
Fighting       | |  6.7
Long Blades    | |  6.7
Fire Magic     | |  5.6

Action                   |  1- 3 |  4- 6 || total
-------------------------+-------+-------++-------
Melee: Falchion          |    85 |    14 ||    99
       Bite              |     3 |     2 ||     5
Invok: Fiery Armour      |     2 |     1 ||     3
Evoke: Wand              |       |     1 ||     1
 Stab: Sleeping          |     1 |       ||     1
Armor: Robe              |    11 |     3 ||    14
Dodge: Dodged            |    57 |    23 ||    80

Table legend: (Time is in decaauts)
 A = Elapsed time spent in this place.
 B = Non-inter-level travel time spent in this place.
 C = Inter-level travel time spent in this place.
 D = Time resting spent in this place.
 E = Time spent auto-exploring this place.
 F = Levels seen in this place.
 G = Mean time per level.
                   A        B        C        D        E       F      G
               +--------+--------+--------+--------+--------+-----+--------+
         Total |   2522 |   2501 |     21 |   1277 |    855 |   4 |  630.5 |
       Dungeon |   2522 |   2501 |     21 |   1277 |    855 |   4 |  630.5 |
               +--------+--------+--------+--------+--------+-----+--------+

Top non-repeatable levels by time:
     D:1: 1408 daAuts
     D:4: 691 daAuts
     D:2: 403 daAuts
     D:3: 19 daAuts
